 Dungeon Crawl Stone Soup version 0.29-a0-472-ge5599a681e (webtiles) character file.

Game seed: 6657977368587868475

4893 bladeefan the Basher (level 10, -2/80 HPs)
             Began as a Demonspawn Chaos Knight on May 22, 2022.
             Was a Plaything of Xom.
             Succumbed to a gnoll sergeant's poison
             ... on level 9 of the Dungeon.
             The game lasted 00:19:18 (11193 turns).

bladeefan the Basher (Demonspawn Chaos Knight)     Turns: 11193, Time: 00:19:19

Health: -2/80      AC: 25    Str: 18    XL:     10   Next: 26%
Magic:  5/10       EV:  4    Int: 13    God:    Xom [.....*]
Gold:   1209       SH:  0    Dex: 13    Spells: 9/9 levels left

rFire   + . .      SeeInvis +   D - +5 mace of Obsession {freeze, rF+ Str+3}
rCold   + + .      Faith    .   (no shield)
rNeg    . . .      Spirit   +   s - +18 Lear's hauberk
rPois   +          Reflect  .   (helmet currently unavailable)
rElec   +          Harm     .   j - +0 cloak {rCorr}
rCorr   +          Rampage  .   (gloves currently unavailable)
Will    .....      Rage     1%  (boots currently unavailable)
Stlth   ..........              (no amulet)
HPRegen 0.23/turn               z - ring of see invisible
MPRegen 0.24/turn               h - ring of ice

@: lethally poisoned (-2 -> -23), resistant, held
A: horns 2, magic shield, magic regeneration, demonic magic 1, berserk 1,
deformed body, weak 1
a: Renounce Religion


You were on level 9 of the Dungeon.
You worshipped Xom.
You were Xom's teddy bear.
You visited 1 branch of the dungeon, and saw 9 of its levels.

You collected 1505 gold pieces.
You spent 296 gold pieces at shops.

Inventory:

Hand Weapons
 q - a +0 flail of venom
   (You took it off a gnoll on level 3 of the Dungeon)
 D - the +5 mace of Obsession (weapon) {freeze, rF+ Str+3}
   (You bought it in a shop on level 8 of the Dungeon)

   It freezes those it strikes, dealing additional cold damage.
   It can also slow down cold-blooded creatures.
   Str:       It affects your strength (+3).
   rF:        It protects you from fire.
Missiles
 B - 2 throwing nets {!f}
Armour
 b - a +2 leather armour
 j - a +0 cloak of preservation (worn)
   (You found it on level 7 of the Dungeon)
 m - +2 steam dragon scales
   (You took it off Maggie on level 6 of the Dungeon)
 s - the +18 Lear's hauberk (worn)
   (You found it on level 6 of the Dungeon)
 w - the +0 pair of gloves of Peqop {+Blink Will+ Str+4}
   (You found it on level 7 of the Dungeon)

   Str:       It affects your strength (+4).
   +Blink:    It lets you blink.
   Will:      It increases your willpower.
Jewellery
 e - an amulet of regeneration
   (You took it off an orc priest on level 7 of the Dungeon)
 f - a +6 ring of intelligence
   (You found it on level 1 of the Dungeon)
 h - a ring of ice (right hand)
   (You found it on level 1 of the Dungeon)
 z - a ring of see invisible (left hand)
   (You found it on level 4 of the Dungeon)
Wands
 d - a wand of iceblast (8)
   (You found it on level 6 of the Dungeon)
 k - a wand of polymorph (2)
   (You bought it in a shop on level 4 of the Dungeon)
 t - a wand of flame (15)
   (You took it off an orc on level 6 of the Dungeon)
 v - a wand of digging (8)
   (Xom gifted it to you on level 8 of the Dungeon)
Scrolls
 a - a scroll of silence
 g - a scroll of brand weapon
 i - a scroll of blinking
 l - 2 scrolls of torment {!r}
 p - 2 scrolls of vulnerability {!r}
 u - a scroll of immolation {!r}
 x - a scroll of amnesia
 C - a scroll of identify {@r1}
 E - a scroll of teleportation {@r4}
 F - a scroll of enchant weapon
Potions
 n - 2 potions of flight
 A - 3 potions of brilliance
Miscellaneous
 c - a piece from Xom's chessboard (15/15) (quivered)


   Skills:
 + Level 8.2 Fighting
 * Level 10.3 Maces & Flails
 + Level 7.2 Armour
 - Level 0.8 Dodging


You had 9 spell levels left.
You didn't know any spells.
Your spell library contained the following spells:

 Spells                   Type           Power      Damage    Failure   Level
 Gell's Gravitas          Tloc           0%         N/A       100%        3
 Lesser Beckoning         Tloc           0%         N/A       100%        3
 Teleport Other           Tloc           0%         N/A       100%        3
 Alistair's Intoxication  Tmut/Pois      0%         N/A       100%        5
 Borgnjor's Vile Clutch   Necr/Erth      0%         N/A       100%        5
 Eringya's Noxious Bog    Tmut/Pois      0%         N/A       100%        6


Dungeon Overview and Level Annotations

Branches:
Dungeon (9/15)             Temple (0/1) D:4
   Lair: D:8-11         Orc: D:9-12

Altars:
Ashenzari
Elyvilon
Hepliaklqana
Makhleb
Sif Muna
Xom
Yredelemnul
Zin
The Shining One

Shops:
D:4 *   D:8 (


Innate Abilities, Weirdness & Mutations

You have a pair of horns on your head.
When hurt, damage is shared between your health and your magic reserves.
You regenerate magic rapidly.
Spells you cast may paralyse adjacent enemies.
You tend to lose your temper in combat.
Armour fits poorly on your strangely shaped body.
You are weak. (Str -2)


Message History

The gnoll hits you from afar with a +3 vampiric halberd!
You sock the gnoll! You freeze the gnoll.
You kill the gnoll!
You feel very sick.
The gnoll sergeant hits you but does no damage.
The gnoll throws a throwing net.
The throwing net hits you.
You become entangled in the net!
You are held in a net!
You struggle against the net.
You feel very sick. The gnoll sergeant barely misses you.
The gnoll barely misses you.
You struggle against the net.
You feel very sick.
The gnoll sergeant hits you from afar with a +0 trident of venom.
You are more poisoned.
The gnoll hits you but does no damage.
You struggle against the net.
You feel very sick.
The gnoll sergeant hits you from afar with a +0 trident of venom.
* * * LOW HITPOINT WARNING * * *
You are more poisoned.
The gnoll hits you from afar with a +3 vampiric halberd!
* * * LOW HITPOINT WARNING * * *
You shred the net and break free!
* * * LOW HITPOINT WARNING * * *
You feel extremely sick.
The gnoll sergeant hits you but does no damage.
You are more poisoned.
The gnoll misses you.
Okay, then.
You feel protected.
* * * LOW HITPOINT WARNING * * *
You feel extremely sick.
The gnoll sergeant hits you but does no damage.
The gnoll throws a throwing net.
The throwing net hits you.
You become entangled in the net!
Okay, then.
Really read
l - 3 scrolls of torment {!r}?
Really read the scroll of torment?
As you read the scroll of torment {!r}, it crumbles to dust.
Your body is wracked with pain!
* * * LOW HITPOINT WARNING * * *
The gnoll sergeant convulses!
The gnoll convulses!
* * * LOW HITPOINT WARNING * * *
You feel very sick. The gnoll sergeant closely misses you.
The gnoll hits you but does no damage.
As you read the scroll of fog, it crumbles to dust.
The scroll dissolves into smoke.
You die...
Xom chuckles heartily!

#....<.#.. .....# #..)...'..
....# #......#.. ....#
#<.....#.. ########
....#####......#.. ####......#
#.......########.. ..........#
#gg.....# #..... ####......#
#§§§....# #..... #......#
#@§.....# #.....
#......######§§§....# #####...
#.................#####...#...
#.................#...#...#...
#.................#...#...'...
#.................#...#...#...
#.................#...#...#...
##########'######+#...#####...
#..........#...#.......


You could see a gnoll sergeant and a gnoll.

Vanquished Creatures
  Maggie (D:6)
  A wyvern (D:8)
  5 yaks
  A human (shapeshifter) (D:9)
  A steam dragon (D:7)
  An acid dragon (D:9)
  2 water moccasins
  2 centaurs
  A phantom (D:4)
  A kobold brigand (D:7)
  A bullfrog (D:7)
  2 necrophages
  2 scorpions
  A gnoll sergeant (D:8)
  3 wights (D:7)
  17 killer bees
  2 howler monkeys (D:7)
  3 jellies
  4 hounds
  4 orc priests
  Natasha (thrice) (D:4)
  An iguana (D:5)
  2 orc wizards
  5 adders
  11 gnolls
  An ufetubus (D:5)
  A worm (D:3)
  A dart slug (D:2)
  32 orcs
  3 bats
  4 endoplasms
  3 giant cockroaches
  6 goblins
  7 hobgoblins
  8 jackals
  14 kobolds
  7 quokkas
  3 ball pythons
  4 frilled lizards
  4 rats
175 creatures vanquished.

Vanquished Creatures (collateral kills)
  4 yaks (D:8)
  A kobold brigand (D:8)
  2 killer bees (D:9)
  2 kobolds (D:8)
9 creatures vanquished.

Vanquished Creatures (others)
  An angel (D:4)
1 creature vanquished.

Grand Total: 185 creatures vanquished

Notes
Turn   | Place    | Note
-------+----------+-------------------------------------------
     0 | D:1      | bladeefan the Demonspawn Chaos Knight began the quest for
                  | the Orb.
     0 | D:1      | Reached XP level 1. HP: 18/18 MP: 1/1
   132 | D:1      | Reached skill level 3 in Maces & Flails
   242 | D:1      | Gained mutation: You regenerate magic rapidly. [demonic
                  | ancestry]
   242 | D:1      | Reached XP level 2. HP: 17/24 MP: 2/2
   723 | D:1      | XOM: silly message
   745 | D:1      | Found a faded altar of an unknown god.
   781 | D:1      | XOM: divination: detect items
   965 | D:1      | XOM: silly message
  1212 | D:2      | Noticed a necrophage
  1292 | D:2      | XOM: divination: detect creatures
  1303 | D:2      | Gained mutation: You have a pair of small horns on your
                  | head. [demonic ancestry]
  1303 | D:2      | Reached XP level 3. HP: 28/29 MP: 3/3
  1427 | D:2      | XOM: enchant monster (good)
  1479 | D:2      | Killed a necrophage
  1480 | D:2      | Reached XP level 4. HP: 27/36 MP: 4/4
  1610 | D:2      | XOM: divination: magic mapping
  1888 | D:2      | XOM: silly message
  1963 | D:3      | Reached skill level 4 in Maces & Flails
  1976 | D:3      | XOM: noise
  1981 | D:3      | XOM: cast spell 'Call Canine Familiar'
  2049 | D:3      | You fall into a shaft and drop 2 floors!
  2049 | D:5      | Entered Level 5 of the Dungeon
  2222 | D:4      | Found a shimmering altar of Xom.
  2224 | D:4      | Noticed an angel
  2258 | D:3      | XOM: god gift: 993 gold pieces
  2381 | D:3      | Reached XP level 5. HP: 39/42 MP: 5/5
  2489 | D:3      | XOM: summons 3 hostile shadow creatures
  2765 | D:4      | Killed an angel
  2887 | D:4      | Noticed Natasha
  2898 | D:4      | Killed Natasha
  3217 | D:4      | Noticed Natasha
  3234 | D:4      | Killed Natasha
  3274 | D:4      | Noticed Natasha
  3282 | D:4      | Killed Natasha
  3461 | D:4      | XOM: 2-stop teleportation journey
  3474 | D:4      | Found a staircase to the Ecumenical Temple.
  3474 | D:4      | Found Usawkir's Assorted Antiques.
  3474 | D:4      | XOM: 7-stop teleportation journey
  3545 | D:4      | Bought a bone wand for 88 gold pieces
  3581 | D:4      | Reached XP level 6. HP: 44/48 MP: 6/6
  3631 | D:4      | XOM: scenery: create altars
  3662 | D:4      | Reached skill level 5 in Maces & Flails
  3900 | D:4      | XOM: enchant monster (good)
  4393 | D:5      | Gained mutation: You have a pair of horns on your head.
                  | [demonic ancestry]
  4393 | D:5      | Reached XP level 7. HP: 35/55 MP: 7/7
  4432 | D:5      | XOM: give mutation
  4432 | D:5      | Gained mutation: You have supernaturally acute eyesight.
                  | (SInv) [Xom's grace]
  4634 | D:5      | Found a broken altar of Ashenzari.
  5105 | D:3      | XOM: enchant monster (good)
  5203 | D:3      | XOM: 6-stop teleportation journey
  5228 | D:3      | XOM: cloud trail
  5317 | D:4      | XOM: give mutation
  5317 | D:4      | Gained mutation: You sometimes lose the ability to read
                  | scrolls when taking damage. [Xom's mischief]
  5611 | D:6      | Reached skill level 5 in Fighting
  5611 | D:6      | Reached skill level 6 in Maces & Flails
  5640 | D:6      | XOM: summons 1 hostile demon
  5670 | D:6      | XOM: swap monsters
  5809 | D:6      | Noticed Maggie
  5816 | D:6      | XOM: 3-stop teleportation journey
  5824 | D:6      | XOM: enchant monster (good)
  5856 | D:6      | XOM: confuse monster(s)
  6198 | D:6      | XOM: 10-stop teleportation journey
  6239 | D:6      | XOM: noise
  6573 | D:6      | XOM: silly message
  6659 | D:6      | Found the +18 Lear's hauberk
  6785 | D:6      | XOM: butterfly on damage
  6792 | D:6      | XOM: potion effect (heal wounds)
  6805 | D:6      | Killed Maggie
  6806 | D:6      | Reached skill level 7 in Maces & Flails
  6806 | D:6      | Gained mutation: When hurt, damage is shared between your
                  | health and your magic reserves. [demonic ancestry]
  6806 | D:6      | Reached XP level 8. HP: 4/64 MP: 8/8
  6996 | D:6      | XOM: silly message
  7096 | D:6      | XOM: divination: detect creatures
  7587 | D:7      | XOM: stat loss: -1 Str (13/15)
  7598 | D:7      | Found a burning altar of Makhleb.
  7704 | D:7      | XOM: 4-stop teleportation journey
  7723 | D:7      | Found a shimmering blue altar of Sif Muna.
  7743 | D:7      | XOM: noise
  7747 | D:7      | Reached skill level 5 in Armour
  7966 | D:7      | XOM: confusion (+ monsters)
  7995 | D:7      | XOM: summons friendly crimson imp
  8025 | D:7      | XOM: summons 2 hostile shadow creatures
  8103 | D:7      | XOM: summons friendly ufetubus
  8106 | D:7      | Reached skill level 8 in Maces & Flails
  8243 | D:7      | Identified the +0 pair of gloves of Peqop {+Blink Will+
                  | Str+4}
  8338 | D:7      | XOM: cleaving
  8338 | D:7      | XOM: smoke on damage
  8355 | D:7      | XOM: enchant monster (good)
  8361 | D:7      | Reached XP level 9. HP: 27/71 MP: 5/9
  8730 | D:7      | XOM: give mutations
  8730 | D:7      | Gained mutation: Armour fits poorly on your strangely
                  | shaped body. [Xom's mischief]
  8730 | D:7      | Gained mutation: You are resistant to electric shocks.
                  | (rElec) [Xom's mischief]
  8730 | D:7      | Gained mutation: Your system is resistant to poisons.
                  | (rPois) [Xom's mischief]
  8730 | D:7      | Gained mutation: You occasionally shout uncontrollably at
                  | your foes. [Xom's mischief]
  8861 | D:7      | XOM: give mutations
  8861 | D:7      | Lost mutation: You have supernaturally acute eyesight.
                  | (SInv) [Xom's mischief]
  8861 | D:7      | Gained mutation: You are weak. (Str -2) [Xom's mischief]
  8861 | D:7      | Lost mutation: Your system is resistant to poisons. (rPois)
                  | [Xom's mischief]
  8948 | D:8      | XOM: summons 7 friendly demons
  8950 | D:8      | XOM: summons 9 friendly demons
  8973 | D:8      | Reached skill level 9 in Maces & Flails
  9071 | D:8      | XOM: scenery: create altars
  9126 | D:8      | XOM: god gift: wand of digging (3)
  9360 | D:8      | Lost mutation: You occasionally shout uncontrollably at
                  | your foes. [potion of mutation]
  9360 | D:8      | Lost mutation: You are resistant to electric shocks.
                  | (rElec) [potion of mutation]
  9360 | D:8      | Lost mutation: You sometimes lose the ability to read
                  | scrolls when taking damage. [potion of mutation]
  9360 | D:8      | Gained mutation: You tend to lose your temper in combat.
                  | [potion of mutation]
  9360 | D:8      | Gained mutation: You are frail. (-10% HP) [potion of
                  | mutation]
  9360 | D:8      | Lost mutation: You are frail. (-10% HP) [potion of
                  | mutation]
  9371 | D:8      | XOM: summons friendly quasit
  9550 | D:8      | XOM: scenery: summon butterflies
  9581 | D:8      | Found a hazy altar of Hepliaklqana.
  9585 | D:8      | Found a basalt altar of Yredelemnul.
  9606 | D:8      | Found Zoiph's Antique Weapon Boutique.
  9614 | D:8      | Bought a crystal mace for 208 gold pieces
  9614 | D:8      | Identified the +5 mace of Obsession {freeze, rF+ Str+3}
                  | (You bought it in a shop on level 8 of the Dungeon)
  9784 | D:9      | XOM: polymorph killer bee -> gnoll
 10044 | D:9      | XOM: 3-stop teleportation journey
 10093 | D:9      | XOM: polymorph kobold brigand -> shapeshifter
 10190 | D:9      | XOM: confuse monster(s)
 10209 | D:9      | Gained mutation: Spells you cast may paralyse adjacent
                  | enemies. [demonic ancestry]
 10209 | D:9      | Reached XP level 10. HP: 80/80 MP: 10/10
 10241 | D:9      | XOM: summons 5 friendly demons
 10261 | D:9      | XOM: cast spell 'Cause Fear'
 10426 | D:9      | Reached skill level 10 in Maces & Flails
 10427 | D:9      | Noticed a black mamba
 10427 | D:9      | a yak changed into a black mamba
 10427 | D:9      | XOM: polymorph yak -> black mamba
 10434 | D:9      | XOM: destruction
 10441 | D:9      | XOM: summons 5 friendly demons
 10461 | D:9      | XOM: confuse monster(s)
 10990 | D:9      | XOM: 1-stop teleportation journey
 11002 | D:9      | XOM: noise
 11086 | D:9      | XOM: god gift: 16 gold pieces
 11192 | D:9      | HP: 3/80 [poisoned by a gnoll sergeant]
 11193 | D:9      | Succumbed to a gnoll sergeant's poison

Illustrated notes

Levels and vault maps discovered:
D:1:      tarquinn_simple_flora_water_d, layout_basic,
          chequers_ecumenical_altar_simple, minmay_misc_feat_secret_circle
D:2:      layout_basic, minmay_misc_feat_five
D:3:      kennysheep_goblin_castle, layout_loops_ring
D:4:      layout_loops_ring, nicolae_overflow_crystal_walls,
          grunt_temple_overflow_order_and_chaos_1,
          minmay_temple_entry_mini_moons, serial_shops, shop, uniq_natasha
D:5:      layout_rooms, marbit_many_paths
D:6:      layout_cave_pods, grunt_ministairs_2, solitary_fountain,
          minmay_misc_feat_doors, uniq_maggie
D:7:      layout_basic, makhleb_heckhound_becter,
          mainiacjoe_overflow_tiny_flanked, dk_rats_in_the_wall
D:8:      layout_rooms, grunt_temple_overflow_open, serial_shops, shop
D:9:      layout_gridville, elyvilon_altar_3, kennysheep_cross_bottleneck,
          minmay_misc_feat_diagonals

Skill      XL: |  1  2  3  4  5  6  7  8  9 10 |
---------------+-------------------------------+-----
Maces & Flails | 3 4 5 7 8 9 10 | 10.3
Armour         | 2 3 4 5 6 7 |  7.2
Fighting       | 4 5 6 7 8 |  8.2
Dodging        | |  0.8

Action                   |  1- 3 |  4- 6 |  7- 9 | 10-12 || total
-------------------------+-------+-------+-------+-------++-------
Melee: Mace              |    96 |    33 |    60 |    66 ||   255
       Punch             |     2 |     2 |     5 |     1 ||    10
       Headbutt          |     5 |    17 |    76 |    12 ||   110
       Flail             |       |   109 |   330 |       ||   439
Evoke: Wand              |       |       |     2 |       ||     2
  Use: Scroll            |     1 |     3 |    11 |     5 ||    20
       Potion            |       |     1 |     6 |     2 ||     9
 Stab: Paralysed         |       |     1 |     3 |       ||     4
       Petrified         |       |       |     1 |       ||     1
       Sleeping          |       |       |     1 |       ||     1
       Confused          |       |       |     1 |       ||     1
       Distracted        |       |       |     1 |       ||     1
Armor: Leather armour    |    51 |    49 |    42 |       ||   142
       Skin              |       |       |    20 |       ||    20
       Chain mail        |       |       |   239 |    97 ||   336
Dodge: Dodged            |    69 |   103 |   196 |    40 ||   408

Table legend: (Time is in decaauts)
 A = Elapsed time spent in this place.
 B = Non-inter-level travel time spent in this place.
 C = Inter-level travel time spent in this place.
 D = Time resting spent in this place.
 E = Time spent auto-exploring this place.
 F = Levels seen in this place.
 G = Mean time per level.
                   A        B        C        D        E       F      G
               +--------+--------+--------+--------+--------+-----+--------+
         Total |  11285 |  10867 |    418 |   2199 |   6879 |   9 | 1253.9 |
       Dungeon |  11285 |  10867 |    418 |   2199 |   6879 |   9 | 1253.9 |
               +--------+--------+--------+--------+--------+-----+--------+

Top non-repeatable levels by time:
     D:4: 2007 daAuts
     D:6: 1938 daAuts
     D:7: 1413 daAuts
     D:9: 1279 daAuts
     D:1: 1263 daAuts
     D:5: 1014 daAuts
     D:8: 1008 daAuts
     D:3: 685 daAuts
     D:2: 675 daAuts
